 Dungeon Crawl Stone Soup version 0.28.0-43-g3370ac3207 (webtiles) character file.

Game seed: 10954977974471058534

597 CuBeRJAN3 the Magician (level 7, -2/50 HPs)
             Began as a Djinni Conjurer on Mar 21, 2022.
             Slain by a black bear (4 damage)
             ... on level 5 of the Dungeon.
             The game lasted 00:13:04 (6071 turns).

CuBeRJAN3 the Magician (Djinni Conjurer)            Turns: 6071, Time: 00:13:05

Health: -2/50      AC:  2    Str:  6    XL:     7   Next: 68%
Gold:   156        EV: 13    Int: 22    God:
                   SH:  0    Dex: 11

rFire   + + .      SeeInvis .   j - +2 dagger (venom)
rCold   x . .      Faith    .   (no shield)
rNeg    . . .      Spirit   .   a - +0 robe
rPois   ∞          Reflect  .   (no helmet)
rElec   .          Harm     .   (no cloak)
rCorr   .          Rampage  .   (no gloves)
Will    .....                   (boots unavailable)
Stlth   ++........              (no amulet)
HPRegen 0.16/turn               (no ring)
MPRegen 0.00/turn               (no ring)

@: flying
A: sickness immunity, fire resistance 2, cold vulnerability 1, float, innate
caster, HP casting, extra vitality 1
a: no special abilities


You were on level 5 of the Dungeon.
You visited 1 branch of the dungeon, and saw 5 of its levels.

You collected 156 gold pieces.

Inventory:

Hand Weapons
 e - a +3 quarterstaff
 j - a +2 dagger of venom (weapon)
Armour
 a - a +0 robe (worn)
Magical Staves
 g - a staff of air
Wands
 k - a wand of flame (14)
Scrolls
 c - 2 scrolls of noise {unknown}
 h - a scroll of magic mapping {unknown}
 i - 2 scrolls of identify {unknown}
 m - a scroll of immolation {unknown}
 n - a scroll of fear {unknown}
Potions
 b - a potion of ambrosia {unknown}
 d - a potion of resistance {unknown}
 f - a potion of experience {unknown}
 l - a potion of berserk rage {unknown}


   Skills:
 + Level 3.1 Fighting
 + Level 4.3 Dodging
 + Level 3.4 Stealth
 * Level 5.0 Spellcasting


You couldn't memorise any spells.
You knew the following spells:

 Your Spells              Type           Power      Damage    Failure   Level
a - Magic Dart            Conj           100%       1d8       1%          1
b - Searing Ray           Conj           54%        2d6       1%          2
c - Dazzling Flash        Conj/Hex       54%        N/A       3%          3
d - Fulminant Prism       Conj/Hex       13%        3d9       13%         4
e - Iskenderun's Mystic   Conj/Tloc      27%        2d7       13%         4
f - Foxfire               Conj/Fire      100%       2x1d9     1%          1
g - Passwall              Tmut/Erth      22%        N/A       1%          2
h - Ensorcelled Hibernat  Hex/Ice        54%        N/A       1%          2
Your spell library was empty.

Dungeon Overview and Level Annotations

Branches:
Dungeon (5/15)
 Temple: D:4-7

Altars:
The Shining One

Shops:
D:2 (

Annotations:
D:4 Edmund, Eustachio


Innate Abilities, Weirdness & Mutations

You are immune to sickness and miasma.
You are immune to poison.
Your flesh is very heat resistant. (rF++)
You are vulnerable to cold. (rC-)
You float through the air rather than walking.
You learn spells naturally, not from books.
Your magical power is your life essence.
You have superior vitality. (+4 MHP)


Message History

Aiming: Searing Ray (safe; 1% risk of failure)
Press: ? - help, Shift-Dir - straight line, f - black bear
Aim: a black bear (85% to hit)
The searing ray hits the black bear.
The black bear is lightly wounded.
The searing ray misses the ufetubus. (Press . to maintain the ray.)
The black bear bites you. The black bear claws you. x2
The searing ray hits the black bear!
The black bear is heavily wounded.
The ufetubus hits you.
The ufetubus hits you but does no damage.
The black bear bites you! The black bear claws you. x2
The ufetubus barely misses you. The ufetubus misses you.
The searing ray hits the black bear!
The black bear is severely wounded.
The ufetubus closely misses you. The ufetubus hits you.
The black bear goes berserk!
Casting: Searing Ray (safe; 1% risk of failure)
Confirm with . or Enter, or press ? or * to list all spells.
Restarting spell: Searing Ray (safe; 1% risk of failure)
Press: ? - help, Shift-Dir - straight line, f/p - black bear
Aim: a black bear (severely wounded, berserk, 85% to hit)
The searing ray hits the black bear.
The black bear is almost dead. (Press . to maintain the ray.)
The ufetubus hits you. The ufetubus closely misses you.
The black bear bites you. The black bear claws you.
* * * LOW HITPOINT WARNING * * *
The black bear barely misses you.
The ufetubus hits you but does no damage.
The ufetubus hits you.
* * * LOW HITPOINT WARNING * * *
The searing ray hits the black bear.
The black bear is almost dead.
* * * LOW HITPOINT WARNING * * *
The black bear bites you!
* * * LOW HITPOINT WARNING * * *
The black bear claws you.
You die...

#..)########'#####.####+##
###'##.####...####.##.
#...÷..............#.g
#..................'.
#.......)). .......#
#...##...## #.##..##
#...##...####.##..######
#.......................
#..............@........
#..............h5.......
######.....##.....##....
#####'##.....########
#.....†...............
#.....................
#.......>.............
#########....###......
###### ......


You could see a black bear (berserk) and an ufetubus.

Vanquished Creatures
  An ogre (D:4)
  A jelly (D:4)
  An orc priest (D:5)
  2 hounds (D:5)
  A gnoll shaman (D:4)
  2 iguanas (D:5)
  Natasha (twice) (D:4)
  An orc wizard (D:2)
  8 adders
  4 gnolls (D:4)
  An ufetubus (D:3)
  2 worms
  3 dart slugs
  9 orcs
  7 bats
  8 endoplasms
  4 giant cockroaches
  5 goblins
  3 hobgoblins
  3 jackals (D:1)
  7 kobolds
  6 quokkas
  8 ball pythons
  4 frilled lizards
  5 rats
98 creatures vanquished.

Vanquished Creatures (others)
  A fulminant prism (D:4)
1 creature vanquished.

Grand Total: 99 creatures vanquished

Notes
Turn   | Place    | Note
-------+----------+-------------------------------------------
     0 | D:1      | CuBeRJAN3 the Djinni Conjurer began the quest for the Orb.
     0 | D:1      | Reached XP level 1. HP: 15/15 MP: 0/0
   229 | D:1      | Reached XP level 2. HP: 21/22 MP: 0/0
  1123 | D:1      | Reached XP level 3. HP: 25/26 MP: 0/0
  1123 | D:1      | Learned a level 1 spell: Foxfire
  1329 | D:1      | Found a faded altar of an unknown god.
  1473 | D:2      | Reached skill level 1 in Fighting
  1547 | D:2      | Found Ulom's Weapon Emporium.
  1677 | D:2      | Reached XP level 4. HP: 28/32 MP: 0/0
  2359 | D:2      | Reached XP level 5. HP: 26/38 MP: 0/0
  2359 | D:2      | Learned a level 2 spell: Passwall
  2516 | D:2      | Reached skill level 4 in Spellcasting
  3331 | D:3      | Found a glowing golden altar of the Shining One.
  3974 | D:4      | Noticed Eustachio
  4213 | D:4      | Reached XP level 6. HP: 38/43 MP: 0/0
  4217 | D:4      | Noticed Natasha
  4239 | D:4      | Killed Natasha
  4557 | D:4      | Noticed an ogre
  4570 | D:4      | Killed an ogre
  4571 | D:4      | Reached XP level 7. HP: 38/49 MP: 0/0
  4571 | D:4      | Learned a level 2 spell: Ensorcelled Hibernation
  4642 | D:4      | Noticed Natasha
  4646 | D:4      | Killed Natasha
  5043 | D:4      | Noticed Edmund
  5112 | D:4      | HP: 2/49 [Edmund/+0 flail of protection (12)]
  5534 | D:5      | Entered Level 5 of the Dungeon
  5565 | D:5      | Noticed a water moccasin
  5963 | D:5      | Reached skill level 5 in Spellcasting
  6071 | D:5      | HP: 2/50 [black bear (9)]
  6071 | D:5      | Slain by a black bear

Illustrated notes

Levels and vault maps discovered:
D:1:      onia_arrival_handbag, layout_loops_ring,
          shapermc_ecumenical_altar_pompeii
D:2:      layout_basic, serial_shops, nicolae_shop_stone
D:3:      layout_rooms, nicolae_tso_carved_into_rock, minmay_misc_feat_x
D:4:      layout_loops_corners, uniq_edmund, uniq_eustachio, uniq_natasha
D:5:      layout_gridville, corexii_shack, corexii_corridor_pit,
          uniq_prince_ribbit1

Skill      XL: |  1  2  3  4  5  6  7 |
---------------+----------------------+-----
Fighting       | 1 2 3 |  3.1
Stealth        | 2 3 |  3.4
Dodging        | 3 4 |  4.3
Spellcasting   | 4 5 |  5.0

Action                   |  1- 3 |  4- 6 |  7- 9 || total
-------------------------+-------+-------+-------++-------
Melee: Dagger            |       |     3 |       ||     3
 Cast: Magic Dart        |    59 |   106 |    12 ||   177
       Searing Ray       |       |    11 |    16 ||    27
       Passwall          |       |     2 |       ||     2
       Dazzling Flash    |       |     1 |     1 ||     2
       Ensorcelled Hiber |       |       |     2 ||     2
       Fulminant Prism   |       |       |     1 ||     1
Armor: Robe              |     2 |     1 |     6 ||     9
Dodge: Dodged            |    10 |    14 |    23 ||    47
